 Dungeon Crawl Stone Soup version 0.29.1-12-g30fa7ad0bf (webtiles) character file.

Game seed: 2658309014691917800

84 hawla the Chiller (level 5, -2/36 (38) HPs)
             Began as a Meteoran Ice Elementalist on Dec 15, 2022.
             Slain by zeram's ghost (3 damage)
             ... on level 3 of the Dungeon.
             The game lasted 00:03:30 (745 turns).

hawla the Chiller (Meteoran Ice Elementalist)        Turns: 745, Time: 00:03:32

HP:   -2/36 (38)    AC:  2    Str:  9    XL:     5   Next: 3%
MP:   10/11         EV: 12    Int: 19    God:
Gold: 107           SH:  0    Dex: 14    Spells: 7/11 levels left

rFire   . . .      SeeInvis .   g - +2 dagger (drain)
rCold   . . .      Faith    .   (no shield)
rNeg    . . .      Spirit   .   a - +0 robe
rPois   .          Reflect  .   (no helmet)
rElec   .          Harm     .   (no cloak)
rCorr   .          Rampage  .   (no gloves)
Will    .....                   (no boots)
Stlth   +.........              (no amulet)
HPRegen 0.12/turn               (no ring)
MPRegen 0.12/turn               (no ring)

@: freezing walls, glowing, drained
A: sense surroundings 1, otherworldly, glowing, explore regen
a: no special abilities


You were on level 3 of the Dungeon.
You visited 1 branch of the dungeon, and saw 3 of its levels.

You collected 107 gold pieces.

Inventory:

Hand Weapons
 g - a +2 dagger of draining (weapon)
Armour
 a - a +0 robe (worn)
Wands
 c - a wand of digging (8)
 m - a wand of flame (14)
Scrolls
 e - a scroll of identify
 i - a scroll of noise {unknown}
 l - 2 scrolls of teleportation {unknown}
Potions
 d - a potion of curing
 f - a potion of invisibility {unknown}
 h - a potion of flight {unknown}
 j - 2 potions of attraction {unknown}
 k - a potion of haste {unknown}
 n - a potion of lignification {unknown}


   Skills:
 + Level 0.1 Short Blades
 + Level 2.7 Dodging
 - Level 1.4 Stealth
 + Level 3.9 Spellcasting
 + Level 5.6 Ice Magic


You had 7 spell levels left.
You knew the following spells:

 Your Spells              Type           Power      Damage    Failure   Level
a - Freeze                Ice            100%       1d11      1%          1
b - Frozen Ramparts       Ice            50%        1d8       4%          3

Your spell library contained the following spells:

 Spells                   Type           Power      Damage    Failure   Level
 Ozocubu's Armour         Ice            25%        N/A       4%          3
 Hailstorm                Conj/Ice       14%        3d5       41%         4


Dungeon Overview and Level Annotations

Branches:
Dungeon (3/15) Zot: 1053

Altars:

Shops:
D:1 [

Annotations:
D:3 zeram's ghost, amateur MfFi


Innate Abilities, Weirdness & Mutations

You passively map a small area around you.
You are easily found by Zot.
You glow in the dark.
You regain HP and MP as you explore.


Message History

Aiming: Freeze (safe; 1% risk of failure)
Press: ? - help, Shift-Dir - straight line, f/p - zeram's ghost
Aim: zeram's ghost (moderately damaged)
You freeze zeram's ghost.
Zeram's ghost is moderately damaged.
The wall freezes zeram's ghost but does no damage.
Zeram's ghost hits you.
Casting: Freeze (safe; 1% risk of failure)
Confirm with . or Enter, or press ? or * to list all spells.
Aiming: Freeze (safe; 1% risk of failure)
Press: ? - help, Shift-Dir - straight line, f/p - zeram's ghost
Aim: zeram's ghost (moderately damaged)
You freeze zeram's ghost!
Zeram's ghost is heavily damaged.
The wall freezes zeram's ghost but does no damage.
Zeram's ghost hits you!
Casting: Freeze (safe; 1% risk of failure)
Confirm with . or Enter, or press ? or * to list all spells.
Aiming: Freeze (safe; 1% risk of failure)
Press: ? - help, Shift-Dir - straight line, f/p - zeram's ghost
Aim: zeram's ghost (heavily damaged)
You freeze zeram's ghost.
Zeram's ghost is heavily damaged.
The wall freezes zeram's ghost but does no damage.
Zeram's ghost hits you.
* * * LOW HITPOINT WARNING * * *
Magic courses through your body.
The wall freezes zeram's ghost but does no damage.
Zeram's ghost hits you!
* * * LOW HITPOINT WARNING * * *
Casting: Freeze (safe; 1% risk of failure)
Confirm with . or Enter, or press ? or * to list all spells.
Aiming: Freeze (safe; 1% risk of failure)
Press: ? - help, Shift-Dir - straight line, f/p - zeram's ghost
Aim: zeram's ghost (heavily damaged)
You freeze zeram's ghost.
Zeram's ghost is severely damaged.
The wall freezes zeram's ghost but does no damage.
Zeram's ghost hits you.
You die...

#<####........ ##.##*
#.###..###.... .....#
#.##..## ##...
......#*###....## ##.. , ,
.###...#.....### #.# ,
##⌠##........# #.#
.##...##.......## #.# ,
.##..?..##.........######.#
.#⌠..♣...W@.######.....##.#
.##..!..##.....#######.##.#
, ,
..##...##....#..######.##.#
,
...##⌠##..................#
....###...##.##....###...##
##.......##..#####.......#
, #.......##..## #######.#
..##....##.## ### ,,
...........#


You could see zeram's ghost.

Vanquished Creatures
  4 gnolls
  A dart slug (D:1)
  2 endoplasms
  2 giant cockroaches (D:2)
  4 hobgoblins
  7 jackals
  6 ball pythons
  4 bats
  3 frilled lizards
  4 goblins
  A kobold (D:2)
  5 rats
43 creatures vanquished.

Notes
Turn   | Place    | Note
-------+----------+-------------------------------------------
     0 | D:1      | hawla the Meteoran Ice Elementalist began the quest for the
                  | Orb.
     0 | D:1      | Reached XP level 1. HP: 14/14 MP: 5/5
    49 | D:1      | Reached XP level 2. HP: 20/20 MP: 2/6
   161 | D:1      | Found Ezxuh's Armour Shop.
   264 | D:1      | Reached skill level 5 in Ice Magic
   308 | D:2      | Reached XP level 3. HP: 20/26 MP: 4/8
   419 | D:2      | Reached XP level 4. HP: 16/33 MP: 6/10
   643 | D:3      | Learned a level 3 spell: Frozen Ramparts
   646 | D:3      | Found a runed translucent door.
   713 | D:3      | Noticed zeram's ghost (amateur MfFi)
   727 | D:3      | Reached XP level 5. HP: 34/36 MP: 7/11
   744 | D:3      | HP: 1/36 [zeram's ghost (8)]
   745 | D:3      | Slain by zeram's ghost

Illustrated notes

Levels and vault maps discovered:
D:1:      roderic_octagonal_star, layout_rooms, serial_shops,
          nicolae_shop_advertising_works [nicolae_subvault_shop_adworks],
          hangedman_feature_mirror
D:2:      minmay_razor_zed, layout_basic
D:3:      layout_rooms, hellmonk_ghost_happy_afterlife,
          minmay_misc_feat_four_crosses, uniq_sigmund, uniq_terence

Skill      XL: |  1  2  3 |
---------------+----------+-----
Ice Magic      | 5 |  5.6
Spellcasting   | 3 |  3.9
Short Blades   | |  0.1
Dodging        | |  2.7
Stealth        | |  1.4

Action                   |  1- 3 |  4- 6 || total
-------------------------+-------+-------++-------
Melee: Unarmed           |     4 |     9 ||    13
       Punch             |     1 |       ||     1
       Dagger            |       |     6 ||     6
 Cast: Freeze            |    31 |    32 ||    63
       Frozen Ramparts   |       |     2 ||     2
  Use: Scroll            |     3 |       ||     3
       Potion            |       |     1 ||     1
Armor: Robe              |     4 |    18 ||    22
Dodge: Dodged            |    23 |    28 ||    51
